AoeStats
← rubeolay

Arena

508091167Analyzed
3v3 RM · 10d ago on Sep 20, 2026· 56m 51s· 6 players
Game mode
Random Map
Map size
Normal (6 player)
Population
200
Speed
Normal
Resources
Standard
Victory
Conquest
Starting age
Dark Age
Ending age
Imperial Age
RankedLock teamsTeams togetherTeam positionsShared explorationLock speedFull tech treeHidden civsTurbo modeCheats
Victory
Defeat
🇦🇷 Italians · Argentina
1155
+12
🇦🇷 Japanese · Argentina
966
+20
🇦🇷 Byzantines · Argentina
933
+22
🇵🇪 Teutons · Peru
1113
-20
🇺🇸 Spanish · United States
1035
-17
🇨🇱 Burgundians · Chile
1032
-17
rubeolay
12:03 Feudal Age
20:03 Castle Age
18:24 Horse Collar
18:31 Double-Bit Axe
20:41 Gold Mining
20:44 Stone Mining
22:01 Bow Saw
24:00 Wheelbarrow
23:14 Town Watch
26:40 Hand Cart
26:14 Loom
27:33 Squires
27:53 Fortified Wall
28:42 Heavy Plow
30:18 Stone Shaft Mining
30:07 Ballistics
33:51 Imperial Age
32:16 Fletching
32:37 Scale Barding Armor
32:43 Forging
36:11 Chemistry
35:41 Bodkin Arrow
36:31 Husbandry
36:41 Bloodlines
37:23 Light Cavalry
38:32 Conscription
37:37 Elite Conquistador
39:28 Iron Casting
39:14 Chain Barding Armor
43:07 Guilds
42:39 Hussar
43:52 Padded Archer Armor
43:58 Bracer
44:00 Murder Holes
48:46 Leather Archer Armor
49:33 Blast Furnace
52:10 Ring Archer Armor
acp961
11:20 Feudal Age
15:15 Castle Age
13:37 Double-Bit Axe
17:27 Bow Saw
18:03 Horse Collar
19:12 Loom
20:20 Heavy Plow
23:09 Wheelbarrow
22:21 Loom
22:49 Gold Mining
23:16 Loom
23:58 Stone Mining
24:55 Hand Cart
26:13 Stone Shaft Mining
31:15 Imperial Age
29:35 Forging
29:25 Scale Mail Armor
29:15 Fletching
30:08 Squires
29:53 Arson
29:54 Gambesons
32:19 Iron Casting
31:59 Chain Mail Armor
32:55 Crenellations
32:13 Elite Teutonic Knight
33:46 Crop Rotation
34:23 Two-Man Saw
34:17 Capped Ram
34:21 Pikeman
35:47 Cavalier
36:37 Bloodlines
39:06 Blast Furnace
38:36 Plate Mail Armor
39:34 Chemistry
38:46 Fortified Wall
40:58 Paladin
47:33 Scale Barding Armor
rodrigolbs
11:31 Feudal Age
15:45 Castle Age
14:10 Double-Bit Axe
15:07 Bow Saw
14:41 Horse Collar
15:37 Heavy Plow
18:02 Two-Man Saw
21:13 Gold Mining
21:15 Stone Mining
22:51 Gold Shaft Mining
24:49 Wheelbarrow
27:14 Hand Cart
29:32 Imperial Age
27:59 Hand Cart
28:25 Scale Barding Armor
28:20 Padded Archer Armor
29:14 Husbandry
28:35 Light Cavalry
29:40 Chain Barding Armor
29:32 Loom
30:34 Leather Archer Armor
31:23 Chemistry
30:45 Ballistics
30:23 Hussar
32:22 Crop Rotation
AceroCromo
9:50 Feudal Age
14:06 Castle Age
12:02 Double-Bit Axe
16:25 Horse Collar
23:15 Wheelbarrow
23:02 Bow Saw
28:01 Imperial Age
25:44 Stone Mining
25:46 Fletching
26:33 Bodkin Arrow
27:30 Gold Mining
27:42 Heavy Plow
28:05 Ballistics
27:59 Loom
28:30 Hand Cart
28:03 Town Watch
29:22 Conscription
30:03 Chemistry
30:38 Bracer
31:46 Padded Archer Armor
35:51 Leather Archer Armor
38:43 Scale Barding Armor
40:17 Elite Genoese Crossbowman
42:27 Bloodlines
42:17 Husbandry
42:39 Chain Barding Armor
44:59 Light Cavalry
47:33 Hussar
47:53 Cavalier
52:03 Ring Archer Armor
gabilan
12:03 Feudal Age
12:36 Double-Bit Axe
19:23 Scale Barding Armor
19:16 Horse Collar
21:42 Castle Age
19:29 Loom
20:16 Forging
20:25 Scale Mail Armor
22:37 Bow Saw
22:10 Pikeman
22:39 Gambesons
24:03 Squires
25:06 Wheelbarrow
26:34 Husbandry
28:19 Gold Mining
31:34 Imperial Age
31:23 Stone Mining
32:12 Gold Shaft Mining
32:13 Hand Cart
31:50 Capped Ram
33:19 Stone Shaft Mining
32:33 Heavy Camel Rider
33:10 Fletching
34:25 Heavy Plow
34:52 Arson
38:43 Onager
41:14 Chain Barding Armor
42:25 Two-Man Saw
41:09 Treadmill Crane
41:41 Fortified Wall
41:17 Arrowslits
41:28 Murder Holes
41:55 Ballistics
42:00 Cavalier
45:31 Light Cavalry
45:39 Light Cavalry
46:33 Bodkin Arrow
48:30 Crop Rotation
48:49 Plate Barding Armor
48:51 Iron Casting
48:46 Hussar
50:24 Halberdier
52:24 Chain Mail Armor
52:10 Bracer
55:28 Plate Mail Armor
56:50 Logistica
57:17 Hoardings
LBAoE | Lord Favius
10:44 Feudal Age
17:18 Castle Age
17:23 Elite Skirmisher
17:57 Fletching
17:55 Double-Bit Axe
17:51 Horse Collar
19:00 Bow Saw
21:19 Loom
22:13 Bodkin Arrow
25:25 Heavy Plow
28:59 Gold Mining
29:46 Wheelbarrow
28:56 Town Watch
31:32 Gold Shaft Mining
31:52 Hand Cart
32:48 Ballistics
32:41 Masonry
32:13 Treadmill Crane
33:06 Scale Mail Armor
33:57 Forging
34:42 Town Patrol
35:04 Chain Mail Armor
35:25 Iron Casting
34:51 Padded Archer Armor
40:06 Imperial Age
38:21 Thumb Ring
40:27 Capped Ram
42:31 Blast Furnace
42:01 Plate Mail Armor
41:33 Bracer
41:49 Leather Archer Armor
43:11 Two-Man Saw
43:19 Chemistry
42:24 Siege Engineers
42:15 Murder Holes
44:58 Elite Samurai
46:25 Pikeman
47:06 Squires
47:38 Ring Archer Armor
48:43 Halberdier
50:20 Conscription
Connection lost

Rejoining the realm…

Still unreachable

The connection could not be restored.

Session expired

The server has moved on; the page needs a fresh start.